[Event "NOR-ch Various 2019"]
[Site "Larvik"]
[Date "2019.07.10"]
[Round "6.37"]
[White "Huse, Sigurd Kjelsbol"]
[Black "Sorgjerd, Jan"]
[Result "1/2-1/2"]
[ECO "B51"]
[WhiteElo "2122"]
[BlackElo "2033"]
[Annotator "NA"]
[PlyCount "139"]
[EventDate "2019.07.06"]
[EventType "swiss"]
[EventCountry "NOR"]
[SourceTitle "playchess.com"]
[Source "ChessBase"]
[SourceQuality "1"]
[TimeControl "40/5400+30:1800+30"]

1. e4 c5 2. Nf3 d6 3. Bb5+ Nc6 4. O-O a6 5. Bxc6+ bxc6 6. d3 g6 7. h3 Bg7 8. Nc3 Rb8 9. Re1 e5 10. Rb1 Nf6 11. Bg5 h6 12. Be3 O-O 13. Qc1 Kh7 14. Nh2 Nh5 15. Rf1 f5 16. f4 exf4 17. Bxf4 g5 18. Be3 Ng3 19. Re1 Qa5 20. exf5 Nxf5 21. Bf2 d5 22. Nf3 Rb7 23. Ne5 Re7 24. Nf3 Rfe8 25. Qd2 Nd4 26. Nxd4 cxd4 27. Ne4 Qc7 28. Ng3 Be5 29. Ne2 Bf4 30. Nxf4 Qxf4 31. Rxe7+ Rxe7 32. Qxf4 gxf4 33. Re1 Rxe1+ 34. Bxe1 f3 35. gxf3 Bxh3 36. Ba5 c5 37. b3 Be6 38. Bb6 c4 39. dxc4 dxc4 40. Bxd4 Bf5 41. bxc4 Bxc2 42. c5 Ba4 43. Kf2 Kg6 44. Be5 Kf5 45. Bd6 Bc6 46. Ke3 h5 47. a3 a5 48. Bg3 a4 49. Bh4 Ba8 50. f4 Bb7 51. Bg3 Bc6 52. Bh2 h4 53. Kd4 Ke6 54. Kc4 Bd7 55. f5+ Kxf5 56. Kd5 Bc8 57. c6 Ba6 58. Kc5 Ke4 59. Kb4 Kd5 60. c7 Kc6 61. Ka5 Bc8 62. Kxa4 Kb7 63. Kb4 h3 64. Kc5 Bg4 65. Kd6 Bf5 66. Ke7 Bg4 67. Kd8 Bf5 68. a4 Bg4 69. a5 Bf5 70. a6+ 1/2-1/2

[Event "NOR-ch Various 2019"]
[Site "Larvik"]
[Date "2019.07.10"]
[Round "6.38"]
[White "Digernes, Magnus"]
[Black "Moen, Ole Christian"]
[Result "0-1"]
[ECO "E92"]
[WhiteElo "1997"]
[BlackElo "2234"]
[Annotator "NA"]
[PlyCount "94"]
[EventDate "2019.07.06"]
[EventType "swiss"]
[EventCountry "NOR"]
[SourceTitle "playchess.com"]
[Source "ChessBase"]
[SourceQuality "1"]
[TimeControl "40/5400+30:1800+30"]

1. d4 Nf6 2. c4 g6 3. Nc3 Bg7 4. e4 d6 5. Nf3 O-O 6. Be2 e5 7. Be3 Nc6 8. d5 Ne7 9. Nd2 Kh8 10. h3 Neg8 11. Qc2 Bh6 12. Nf1 Nd7 13. g4 a5 14. h4 Bxe3 15. Nxe3 h6 16. g5 Nc5 17. O-O-O h5 18. Rdg1 Ne7 19. Bxh5 gxh5 20. Qe2 Kg7 21. Qxh5 Rh8 22. Qf3 Ng6 23. h5 Nf4 24. Nf5+ Kg8 25. Nh6+ Kf8 26. Kb1 Ke7 27. Ne2 Ncd3 28. Ng3 Rxh6 29. gxh6 Qh8 30. Nf5+ Bxf5 31. exf5 Qxh6 32. Rg6 Qh7 33. f6+ Kf8 34. Rg7 Qf5 35. Ka1 Qxf6 36. Rhg1 Ke7 37. h6 Qxh6 38. Qg4 Rf8 39. f3 Qf6 40. Qg5 Qxg5 41. R1xg5 Rh8 42. Rg1 Rh2 43. b3 Nb4 44. a4 Ra2+ 45. Kb1 Ne2 46. R1g2 Nc3+ 47. Kc1 Nd3# 0-1

[Event "NOR-ch Various 2019"]
[Site "Larvik"]
[Date "2019.07.10"]
[Round "6.39"]
[White "Esbensen, Arnt"]
[Black "Gulbrandsen, Tor"]
[Result "1-0"]
[ECO "E09"]
[WhiteElo "2153"]
[BlackElo "2120"]
[Annotator "NA"]
[PlyCount "71"]
[EventDate "2019.07.06"]
[EventType "swiss"]
[EventCountry "NOR"]
[SourceTitle "playchess.com"]
[Source "ChessBase"]
[SourceQuality "1"]
[TimeControl "40/5400+30:1800+30"]

1. Nf3 Nf6 2. d4 d5 3. c4 e6 4. g3 Be7 5. Bg2 O-O 6. O-O Nbd7 7. Nbd2 c6 8. Qc2 b6 9. e4 dxe4 10. Nxe4 Bb7 11. Rd1 Nxe4 12. Qxe4 Qc8 13. Bg5 Bxg5 14. Nxg5 Nf6 15. Qh4 Rd8 16. c5 Rd7 17. Nf3 Rd8 18. Rac1 Qc7 19. b4 Nd5 20. a3 h6 21. Ne5 b5 22. Re1 a5 23. Nd3 axb4 24. axb4 Ra3 25. Rcd1 Rda8 26. Bxd5 cxd5 27. Ne5 Bc8 28. Rb1 Kh7 29. Qh5 R8a7 30. Re3 Rxe3 31. fxe3 f6 32. Qg6+ Kh8 33. Qe8+ Kh7 34. Ng6 Bd7 35. Nf8+ Kg8 36. Nxd7+ 1-0

[Event "NOR-ch Various 2019"]
[Site "Larvik"]
[Date "2019.07.10"]
[Round "6.40"]
[White "Machlik, Monika"]
[Black "Skagseth, Havard M"]
[Result "1/2-1/2"]
[ECO "A01"]
[WhiteElo "2083"]
[BlackElo "2002"]
[Annotator "NA"]
[PlyCount "60"]
[EventDate "2019.07.06"]
[EventType "swiss"]
[EventCountry "NOR"]
[SourceTitle "playchess.com"]
[Source "ChessBase"]
[SourceQuality "1"]
[TimeControl "40/5400+30:1800+30"]

1. b3 e5 2. Bb2 Nc6 3. e3 g6 4. c4 Nge7 5. Nc3 Bg7 6. d3 d5 7. e4 dxe4 8. dxe4 Nd4 9. Nf3 Bg4 10. Be2 Bxf3 11. Bxf3 O-O 12. Nd5 c6 13. Nxe7+ Qxe7 14. O-O Rad8 15. Bxd4 Rxd4 16. Qc2 Rfd8 17. Rad1 Bh6 18. Rxd4 Rxd4 19. Rd1 Qd7 20. Rxd4 Qxd4 21. g3 Kf8 22. b4 Bd2 23. b5 Bb4 24. bxc6 bxc6 25. Be2 Qd2 26. Qxd2 Bxd2 27. Bd1 Ke7 28. Kf1 Kd6 29. Ke2 Bc3 30. Ba4 Bd4 1/2-1/2

[Event "NOR-ch Various 2019"]
[Site "Larvik"]
[Date "2019.07.10"]
[Round "6.41"]
[White "Lobersli, Henrik Oie"]
[Black "Esbensen, Kai Inge"]
[Result "1-0"]
[ECO "C95"]
[WhiteElo "2046"]
[BlackElo "1991"]
[Annotator "NA"]
[PlyCount "119"]
[EventDate "2019.07.06"]
[EventType "swiss"]
[EventCountry "NOR"]
[SourceTitle "playchess.com"]
[Source "ChessBase"]
[SourceQuality "1"]
[TimeControl "40/5400+30:1800+30"]

1. e4 e5 2. Nf3 Nc6 3. Bb5 a6 4. Ba4 Nf6 5. O-O Be7 6. Re1 b5 7. Bb3 d6 8. c3 O-O 9. h3 Nb8 10. d4 Nbd7 11. Nbd2 Bb7 12. Bc2 Re8 13. a4 c5 14. d5 c4 15. axb5 axb5 16. Rxa8 Qxa8 17. Nf1 Bf8 18. Ng3 g6 19. Nh2 Bg7 20. f4 exf4 21. Bxf4 Ne5 22. Rf1 Ba6 23. Bg5 Nfd7 24. Ng4 Nxg4 25. Qxg4 Ne5 26. Qf4 Qb7 27. Bf6 Bxf6 28. Qxf6 Qb6+ 29. Kh2 Qd8 30. Qxd8 Rxd8 31. Ra1 Bc8 32. Ra8 Re8 33. Rb8 Bd7 34. Rb6 Ra8 35. Rxd6 Ra2 36. Ne2 Rxb2 37. Nd4 Kf8 38. Ra6 b4 39. cxb4 Rxb4 40. Ra3 Ke7 41. Kg3 Rb6 42. Kf4 Kd6 43. h4 f6 44. Nf3 Nxf3 45. gxf3 Kc5 46. Ke3 Kb4 47. Ra7 Kc3 48. Rxd7 Kxc2 49. Rc7 Rb3+ 50. Ke2 c3 51. f4 Kb1 52. d6 c2 53. d7 Rb2 54. Ke3 Rb8 55. e5 fxe5 56. fxe5 c1=Q+ 57. Rxc1+ Kxc1 58. Kd4 h6 59. e6 Rd8 60. Ke5 1-0

[Event "NOR-ch Various 2019"]
[Site "Larvik"]
[Date "2019.07.11"]
[Round "7.2"]
[White "Stake-Larsen, Gunnar"]
[Black "Svenske, Jan"]
[Result "1-0"]
[ECO "D85"]
[WhiteElo "1976"]
[BlackElo "1757"]
[Annotator "NA"]
[PlyCount "85"]
[EventDate "2019.07.06"]
[EventType "swiss"]
[EventCountry "NOR"]
[SourceTitle "playchess.com"]
[Source "ChessBase"]
[SourceQuality "1"]
[TimeControl "40/5400+30:1800+30"]

1. d4 Nf6 2. c4 g6 3. Nc3 d5 4. cxd5 Nxd5 5. e4 Nxc3 6. bxc3 Bg7 7. Be3 O-O 8. Rc1 b6 9. Nf3 Bb7 10. e5 Nc6 11. Be2 e6 12. Qd2 Qd7 13. Bh6 Rad8 14. h4 Ne7 15. h5 Nf5 16. Bxg7 Kxg7 17. hxg6 fxg6 18. Rd1 h5 19. Qg5 Qe7 20. Rxh5 Rh8 21. Rxh8 Rxh8 22. Qxe7+ Nxe7 23. Ng5 Nd5 24. Nxe6+ Kf7 25. Ng5+ Ke7 26. Kd2 Nf4 27. g3 Nxe2 28. Kxe2 Rh5 29. Nf3 Bd5 30. Ke3 a5 31. a3 Ke6 32. Nd2 b5 33. Rb1 c6 34. a4 bxa4 35. c4 Bg2 36. Ra1 Rh7 37. Rxa4 Ra7 38. Nb3 c5 39. Nxc5+ Kf5 40. e6 Bc6 41. Ra3 Kf6 42. d5 Be8 43. d6 1-0

[Event "NOR-ch Various 2019"]
[Site "Larvik"]
[Date "2019.07.11"]
[Round "7.3"]
[White "Kyrkjebo, Eirik"]
[Black "Wessel-Berg, Dag"]
[Result "1-0"]
[ECO "B31"]
[WhiteElo "1598"]
[BlackElo "1486"]
[Annotator "NA"]
[PlyCount "65"]
[EventDate "2019.07.06"]
[EventType "swiss"]
[EventCountry "NOR"]
[SourceTitle "playchess.com"]
[Source "ChessBase"]
[SourceQuality "1"]
[TimeControl "40/5400+30:1800+30"]

1. e4 c5 2. Nf3 Nc6 3. Bb5 g6 4. d3 Bg7 5. O-O a6 6. Bxc6 bxc6 7. Nc3 d5 8. e5 Nh6 9. b3 Ng4 10. Re1 Qc7 11. Bf4 Qa5 12. Na4 c4 13. Bd2 Qc7 14. Bf4 Qa5 15. dxc4 dxc4 16. Qd4 Be6 17. Rad1 O-O 18. Bd2 Qc7 19. Nc5 Nh6 20. Nxe6 fxe6 21. Qxc4 Qc8 22. Ng5 Rf5 23. Nxe6 Nf7 24. Bc3 Kh8 25. Nxg7 Kxg7 26. e6+ Kf8 27. exf7 Rxf7 28. Qd4 Rf6 29. Rxe7 Rf7 30. Rxf7+ Kxf7 31. Qg7+ Ke8 32. Re1+ Kd8 33. Qe7# 1-0

[Event "NOR-ch Various 2019"]
[Site "Larvik"]
[Date "2019.07.11"]
[Round "7.4"]
[White "Mottang, Harald"]
[Black "Teigen, Tore"]
[Result "0-1"]
[ECO "D91"]
[WhiteElo "1559"]
[BlackElo "1551"]
[Annotator "NA"]
[PlyCount "70"]
[EventDate "2019.07.06"]
[EventType "swiss"]
[EventCountry "NOR"]
[SourceTitle "playchess.com"]
[Source "ChessBase"]
[SourceQuality "1"]
[TimeControl "40/5400+30:1800+30"]

1. Nf3 d5 2. c4 c6 3. d4 Nf6 4. Nc3 g6 5. Bg5 Bg7 6. e3 Bf5 7. Be2 O-O 8. O-O h6 9. Bh4 g5 10. Bg3 e6 11. cxd5 cxd5 12. h3 Nc6 13. a3 Rc8 14. Nb5 Ne8 15. h4 a6 16. Nc3 f6 17. hxg5 hxg5 18. Nh2 Nd6 19. Bd3 Ne4 20. Bxe4 Bxe4 21. Nxe4 dxe4 22. Qb3 Qe7 23. Rad1 Rfd8 24. Ng4 Rd5 25. f3 exf3 26. Rxf3 Na5 27. Qd3 f5 28. Ne5 Rcd8 29. Qe2 g4 30. Rff1 Qe8 31. Kf2 b5 32. Rh1 Rc8 33. Rh2 Nc4 34. Rdh1 Nd6 35. Nd3 Ne4+ 0-1

[Event "NOR-ch Various 2019"]
[Site "Larvik"]
[Date "2019.07.11"]
[Round "7.5"]
[White "Vigdal, Per Kr"]
[Black "Sorensen, Simen"]
[Result "0-1"]
[ECO "B48"]
[WhiteElo "1926"]
[BlackElo "1979"]
[Annotator "NA"]
[PlyCount "46"]
[EventDate "2019.07.06"]
[EventType "swiss"]
[EventCountry "NOR"]
[SourceTitle "playchess.com"]
[Source "ChessBase"]
[SourceQuality "1"]
[TimeControl "40/5400+30:1800+30"]

1. e4 c5 2. Nf3 e6 3. d4 cxd4 4. Nxd4 Nc6 5. Nc3 Qc7 6. Be3 a6 7. Qd2 Nf6 8. f3 Bb4 9. a3 Be7 10. g4 b5 11. Nce2 Ne5 12. Ng3 h6 13. Kf2 Bb7 14. Bd3 d5 15. h3 dxe4 16. fxe4 Rd8 17. g5 hxg5 18. b4 Nc4 19. Qe2 Bd6 20. Ngf5 exf5 21. Nxf5 Nxe3 22. Qxe3 Bf4 23. Qe2 g6 0-1

[Event "NOR-ch Various 2019"]
[Site "Larvik"]
[Date "2019.07.11"]
[Round "7.6"]
[White "Kvendseth, Cornelius"]
[Black "Svendsen, Per Gisle"]
[Result "1-0"]
[ECO "A04"]
[WhiteElo "1964"]
[BlackElo "1929"]
[Annotator "NA"]
[PlyCount "71"]
[EventDate "2019.07.06"]
[EventType "swiss"]
[EventCountry "NOR"]
[SourceTitle "playchess.com"]
[Source "ChessBase"]
[SourceQuality "1"]
[TimeControl "40/5400+30:1800+30"]

1. Nf3 c5 2. g3 Nc6 3. d4 cxd4 4. Nxd4 e5 5. Nxc6 bxc6 6. Bg2 Nf6 7. O-O Be7 8. b3 O-O 9. Bb2 Qc7 10. c4 d5 11. cxd5 cxd5 12. Bxd5 Nxd5 13. Qxd5 Bd6 14. Rd1 Bb7 15. Qc4 Qb6 16. Nc3 Bc5 17. Na4 Bxf2+ 18. Kf1 Qf6 19. Bxe5 Qxe5 20. Kxf2 Rac8 21. Qf4 Qe6 22. Rd3 Qh3 23. Nc3 Rfe8 24. Ke1 Qxh2 25. Kd2 Ba6 26. Re3 Red8+ 27. Kc2 Qh5 28. Rf1 Bxe2 29. Re1 Qg6+ 30. Kb2 Rd2+ 31. Ka3 Qa6+ 32. Na4 h6 33. Re7 Qg6 34. Qxd2 Rc2 35. Qd8+ Kh7 36. R7xe2 1-0

[Event "NOR-ch Various 2019"]
[Site "Larvik"]
[Date "2019.07.11"]
[Round "7.7"]
[White "Grondahl, David A"]
[Black "Westrum, Kim Roger Hansen"]
[Result "1-0"]
[ECO "A00"]
[WhiteElo "1730"]
[BlackElo "1731"]
[Annotator "NA"]
[PlyCount "91"]
[EventDate "2019.07.06"]
[EventType "swiss"]
[EventCountry "NOR"]
[SourceTitle "playchess.com"]
[Source "ChessBase"]
[SourceQuality "1"]
[TimeControl "40/5400+30:1800+30"]

1. e4 d5 2. Nc3 d4 3. Nce2 e5 4. Ng3 Be6 5. Nf3 Bd6 6. Bb5+ c6 7. Ba4 Nd7 8. Bb3 Bxb3 9. axb3 Ne7 10. d3 Qb6 11. Bd2 Qc7 12. O-O b6 13. c4 g6 14. h4 O-O-O 15. b4 Qb7 16. Ng5 Rdf8 17. c5 bxc5 18. Qb3 c4 19. Qxc4 Nb6 20. Qa2 Rhg8 21. Nxh7 Rd8 22. Ng5 f6 23. Nf7 Rd7 24. Qe6 Qc7 25. Qxf6 Kb8 26. Ng5 Qc8 27. Rfc1 Na8 28. b5 Rf8 29. Qg7 Qe8 30. h5 gxh5 31. Qh6 Rh8 32. Qe6 cxb5 33. Nf7 Nc7 34. Rxc7 Rxc7 35. Nxh8 Qxh8 36. Qxd6 h4 37. Rxa7 Kxa7 38. Qxc7+ Ka8 39. Qa5+ Kb7 40. Qxb5+ Kc8 41. Qa6+ Kd7 42. Qb7+ Ke6 43. Bg5 Qd8 44. Qxe7+ Qxe7 45. Bxe7 Kxe7 46. Nf5+ 1-0

[Event "NOR-ch Various 2019"]
[Site "Larvik"]
[Date "2019.07.11"]
[Round "7.8"]
[White "Evjen, Kristian Thunestvedt"]
[Black "Jorgensen, Bengt Arne"]
[Result "1-0"]
[ECO "A16"]
[WhiteElo "1700"]
[BlackElo "1727"]
[Annotator "NA"]
[PlyCount "73"]
[EventDate "2019.07.06"]
[EventType "swiss"]
[EventCountry "NOR"]
[SourceTitle "playchess.com"]
[Source "ChessBase"]
[SourceQuality "1"]
[TimeControl "40/5400+30:1800+30"]

1. c4 c6 2. Nc3 Nf6 3. e4 d5 4. e5 Ng8 5. d4 Bf5 6. Qb3 Qc8 7. cxd5 cxd5 8. Qxd5 a6 9. Nf3 Nc6 10. a3 e6 11. Qb3 Bg4 12. Be3 Qd7 13. Rd1 Bxf3 14. gxf3 Rd8 15. Be2 Nge7 16. f4 b5 17. Bf3 Na5 18. Qc2 Rc8 19. Qe2 Nc4 20. d5 exd5 21. Nxd5 Nxd5 22. Bxd5 Qf5 23. Bb7 Nxe3 24. Qxe3 Rc4 25. Qb6 Re4+ 26. Bxe4 Qxe4+ 27. Kd2 Bb4+ 28. axb4 O-O 29. Qe3 Rd8+ 30. Ke2 Qc4+ 31. Kf3 Rc8 32. Rd4 Qc6+ 33. Qe4 Qh6 34. Rhd1 Qh4 35. Qf5 Re8 36. Rd7 f6 37. Rd8 1-0

[Event "NOR-ch Various 2019"]
[Site "Larvik"]
[Date "2019.07.11"]
[Round "7.9"]
[White "Bo, Torgeir H"]
[Black "Wullum, Robin"]
[Result "0-1"]
[ECO "C78"]
[WhiteElo "1567"]
[BlackElo "1452"]
[Annotator "NA"]
[PlyCount "60"]
[EventDate "2019.07.06"]
[EventType "swiss"]
[EventCountry "NOR"]
[SourceTitle "playchess.com"]
[Source "ChessBase"]
[SourceQuality "1"]
[TimeControl "40/5400+30:1800+30"]

1. e4 e5 2. Nf3 Nc6 3. Bb5 a6 4. Ba4 Nf6 5. O-O b5 6. Bb3 Bc5 7. c3 O-O 8. d4 Bd6 9. dxe5 Bxe5 10. Nxe5 Nxe5 11. Bg5 h6 12. Bxh6 gxh6 13. f4 Nc4 14. Rf3 Nxe4 15. Qd5 Bb7 16. Qxb7 d5 17. Bxc4 bxc4 18. Qc6 Qh4 19. Nd2 Nxd2 20. Rh3 Qxf4 21. Rxh6 Rae8 22. g3 Qe3+ 23. Kg2 Qe4+ 24. Kh3 Qf5+ 25. g4 Re3+ 26. Kh4 Nf3+ 27. Kg3 Ne5+ 28. Kg2 Qxg4+ 29. Kf2 Re2+ 30. Kf1 Qg2# 0-1

[Event "NOR-ch Various 2019"]
[Site "Larvik"]
[Date "2019.07.11"]
[Round "7.10"]
[White "Carlin, Tormod"]
[Black "Johansen, Aleksander"]
[Result "1-0"]
[ECO "D20"]
[WhiteElo "1426"]
[BlackElo "1518"]
[Annotator "NA"]
[PlyCount "122"]
[EventDate "2019.07.06"]
[EventType "swiss"]
[EventCountry "NOR"]
[SourceTitle "playchess.com"]
[Source "ChessBase"]
[SourceQuality "1"]
[TimeControl "40/5400+30:1800+30"]

1. d4 d5 2. c4 dxc4 3. e3 e5 4. Bxc4 Nc6 5. Nf3 e4 6. Nfd2 Qg5 7. Rg1 Nf6 8. Nc3 Qg6 9. Qc2 Nxd4 10. exd4 e3 11. Bd3 exd2+ 12. Bxd2 Qg4 13. Be3 c6 14. Be2 Qf5 15. Bd3 Qa5 16. O-O-O Be6 17. a3 Bd6 18. g3 O-O 19. h4 g6 20. Ne4 Nxe4 21. Bxe4 Rac8 22. Kb1 Bd5 23. Bxd5 Qxd5 24. Rh1 Rfe8 25. h5 Qe4 26. hxg6 fxg6 27. Rhe1 Qd5 28. Ka1 Re6 29. Qc3 Rce8 30. Bh6 Re2 31. Rxe2 Rxe2 32. Be3 Qb5 33. d5 c5 34. Qf6 Be7 35. Qe6+ Kf8 36. Bh6+ Ke8 37. Qg8+ Kd7 38. Rb1 Rxf2 39. Qxh7 Qe2 40. Bf4 Qe4 41. d6 Rxf4 42. gxf4 Kxd6 43. Rg1 Bf6 44. Qxg6 Qd4 45. Qg2 Kc7 46. Rf1 a6 47. Qf2 Qc4 48. f5 Kb6 49. Rd1 Bd4 50. Qf3 Qb5 51. Rb1 Bf6 52. Qe4 Qb3 53. Qe6+ Qxe6 54. fxe6 Kc7 55. Rd1 Bd4 56. Re1 Kd8 57. Kb1 Ke7 58. Kc2 b5 59. b3 a5 60. Re4 Bf6 61. a4 bxa4 1-0

[Event "NOR-ch Various 2019"]
[Site "Larvik"]
[Date "2019.07.11"]
[Round "7.11"]
[White "Nordlov, Jorgen"]
[Black "Edoy, Rune"]
[Result "1-0"]
[ECO "D26"]
[WhiteElo "1263"]
[BlackElo "1319"]
[Annotator "NA"]
[PlyCount "163"]
[EventDate "2019.07.06"]
[EventType "swiss"]
[EventCountry "NOR"]
[SourceTitle "playchess.com"]
[Source "ChessBase"]
[SourceQuality "1"]
[TimeControl "40/5400+30:1800+30"]

1. d4 d5 2. c4 dxc4 3. e3 Nf6 4. Bxc4 e6 5. Nf3 Be7 6. Nc3 O-O 7. e4 Bb4 8. Bg5 h6 9. e5 hxg5 10. exf6 Qxf6 11. O-O Bxc3 12. bxc3 b6 13. Qd2 Qf4 14. Qxf4 gxf4 15. Rae1 Bb7 16. Re5 Nd7 17. Rh5 Bxf3 18. gxf3 Nf6 19. Rh4 g5 20. Rh3 Kg7 21. Bd3 Rh8 22. Rxh8 Rxh8 23. Kg2 Rd8 24. Rg1 c5 25. Kf1 Kh6 26. h4 gxh4 27. Ke2 cxd4 28. c4 Rg8 29. Rh1 Kh5 30. Ke1 Rg5 31. Bc2 Rc5 32. Bb3 Rg5 33. Rh2 Nd7 34. Kd2 Ne5 35. Bd1 Rg1 36. Ke2 d3+ 37. Kd2 Kg5 38. a4 a5 39. Rh3 Rg2 40. Ke1 Nxc4 41. Kf1 Ne3+ 42. fxe3 Rd2 43. exf4+ Kxf4 44. Rxh4+ Kg5 45. Rg4+ Kf5 46. Bb3 Rb2 47. Bd1 e5 48. Rc4 f6 49. Rc3 e4 50. fxe4+ Kxe4 51. Rc6 Rh2 52. Kg1 Rd2 53. Bh5 Rc2 54. Rxf6 Rc1+ 55. Kf2 d2 56. Rd6 Ra1 57. Bf3+ Ke5 58. Rd5+ Ke6 59. Rd4 Ke5 60. Ke3 Re1+ 61. Kxd2 Kxd4 62. Kxe1 Kc3 63. Be2 Kb4 64. Bb5 Kc3 65. Kf2 Kd4 66. Kf3 Ke5 67. Be2 Kd5 68. Kf4 Kc5 69. Bb5 Kd5 70. Kf5 Kd6 71. Kf6 Kc7 72. Ke7 Kc8 73. Kd6 Kb7 74. Kd7 Ka7 75. Kc6 Kb8 76. Kxb6 Ka8 77. Bc6+ Kb8 78. Kxa5 Ka7 79. Kb5 Kb8 80. Kb6 Kc8 81. a5 Kb8 82. a6 1-0

[Event "NOR-ch Various 2019"]
[Site "Larvik"]
[Date "2019.07.11"]
[Round "7.12"]
[White "Tobiassen, Richard"]
[Black "Lund, Scott Macody"]
[Result "1/2-1/2"]
[ECO "A48"]
[WhiteElo "1321"]
[BlackElo "1389"]
[Annotator "NA"]
[PlyCount "41"]
[EventDate "2019.07.06"]
[EventType "swiss"]
[EventCountry "NOR"]
[SourceTitle "playchess.com"]
[Source "ChessBase"]
[SourceQuality "1"]
[TimeControl "40/5400+30:1800+30"]

1. d4 Nf6 2. Bf4 g6 3. e3 Bg7 4. Nf3 d6 5. Be2 O-O 6. O-O Nh5 7. Nbd2 Nxf4 8. exf4 c5 9. c3 cxd4 10. Nxd4 Nc6 11. N2f3 Qd7 12. Bb5 a6 13. Qa4 Qc7 14. Nxc6 bxc6 15. Bxc6 Rb8 16. Rab1 Bf5 17. Be4 Bxe4 18. Qxe4 e6 19. Qd3 d5 20. g3 Qa5 21. a3 1/2-1/2

[Event "NOR-ch Various 2019"]
[Site "Larvik"]
[Date "2019.07.11"]
[Round "7.14"]
[White "Ribe, Kristin"]
[Black "Schneider, Andrea"]
[Result "1/2-1/2"]
[ECO "A51"]
[WhiteElo "1118"]
[BlackElo "1132"]
[Annotator "NA"]
[PlyCount "143"]
[EventDate "2019.07.06"]
[EventType "swiss"]
[EventCountry "NOR"]
[SourceTitle "playchess.com"]
[Source "ChessBase"]
[SourceQuality "1"]
[TimeControl "40/5400+30:1800+30"]

1. d4 Nf6 2. c4 e5 3. Nc3 exd4 4. Qxd4 Nc6 5. Qd1 Bb4 6. e3 d6 7. Bd3 Be6 8. Nf3 O-O 9. O-O Bxc3 10. bxc3 Bg4 11. h3 Bh5 12. Be2 Ne5 13. Ba3 Re8 14. Nxe5 Bxe2 15. Qxe2 dxe5 16. Rad1 Qc8 17. Qc2 c5 18. e4 b6 19. Qe2 Qc6 20. Rfe1 Rad8 21. Rxd8 Rxd8 22. Bc1 h6 23. f4 exf4 24. Bxf4 Re8 25. e5 Qe6 26. Kf2 Nd7 27. Qg4 Qxg4 28. hxg4 Re6 29. Re3 g5 30. Bg3 Kg7 31. Kf3 Kg6 32. Ke2 h5 33. Kf3 h4 34. Bh2 a6 35. Ke2 b5 36. cxb5 axb5 37. Kd3 f6 38. exf6 Rxe3+ 39. Kxe3 Nxf6 40. Kf3 Kf7 41. Bg1 c4 42. Be3 Nd5 43. Bd4 Ke6 44. Ke4 b4 45. cxb4 Nxb4 46. a3 Nd5 47. Be3 Nc3+ 48. Kd4 Nb5+ 49. Kxc4 Nxa3+ 50. Kd3 Kf6 51. Bd4+ Kg6 52. Ke4 Nc2 53. Bc3 Na3 54. Bd4 Nb5 55. Bb2 Nd6+ 56. Kf3 Nc4 57. Bd4 Nd2+ 58. Ke2 Ne4 59. Kf3 Nd2+ 60. Ke2 Nc4 61. Kf3 Nd6 62. Ke2 Ne8 63. Kf3 Nc7 64. Ke4 Ne6 65. Bb2 Nf4 66. Kf3 h3 67. gxh3 Nxh3 68. Kg2 Nf4+ 69. Kf3 Nd3 70. Bc3 Nc5 71. Bb2 Nd3 72. Bc3 1/2-1/2

[Event "NOR-ch Various 2019"]
[Site "Larvik"]
[Date "2019.07.11"]
[Round "7.15"]
[White "Fossan, Petter"]
[Black "Wister, Tom R"]
[Result "1-0"]
[ECO "C06"]
[WhiteElo "2295"]
[BlackElo "1849"]
[Annotator "ChessBase"]
[PlyCount "93"]
[EventDate "2019.07.06"]
[EventType "swiss"]
[EventCountry "NOR"]
[SourceTitle "playchess.com"]
[Source "ChessBase"]
[SourceQuality "1"]
[TimeControl "40/5400+30:1800+30"]

1. e4 e6 2. d4 d5 3. Nd2 Nf6 4. e5 Nfd7 5. c3 c5 6. Bd3 Nc6 7. Ne2 Qb6 8. Nf3 cxd4 9. cxd4 f6 10. exf6 Nxf6 11. O-O Bd6 12. Bf4 Qc7 13. Bxd6 Qxd6 14. Ng3 O-O 15. Re1 Bd7 16. Rc1 Rae8 17. Qe2 Qf4 18. Rcd1 Re7 19. Bb5 Ng4 20. h3 Nh6 21. Bxc6 Bxc6 22. Qd2 Qd6 23. Re3 Nf5 24. Nxf5 exf5 25. Re5 Rxe5 26. dxe5 Qg6 27. Qf4 h6 28. Nd4 Qg5 29. Qxg5 hxg5 30. Rc1 Re8 31. e6 g6 32. Nxc6 bxc6 33. Rxc6 Kg7 34. Kf1 Kf6 35. Ke2 Re7 36. Kd3 Ke5 37. f3 f4 38. b4 Rb7 39. a3 Re7 40. b5 Rb7 41. a4 Re7 42. a5 Rb7 43. b6 axb6 44. axb6 Re7 45. Kc3 Rb7 46. Kd3 Re7 47. Rc1 1-0

[Event "NOR-ch Various 2019"]
[Site "Larvik"]
[Date "2019.07.11"]
[Round "7.16"]
[White "Odde, Eilif"]
[Black "Gyldenas, Ole Jorn"]
[Result "1/2-1/2"]
[ECO "D55"]
[WhiteElo "1969"]
[BlackElo "1957"]
[Annotator "NA"]
[PlyCount "66"]
[EventDate "2019.07.06"]
[EventType "swiss"]
[EventCountry "NOR"]
[SourceTitle "playchess.com"]
[Source "ChessBase"]
[SourceQuality "1"]
[TimeControl "40/5400+30:1800+30"]

1. Nf3 d5 2. d4 Nf6 3. c4 e6 4. Nc3 Be7 5. Bg5 O-O 6. e3 c5 7. dxc5 Bxc5 8. cxd5 exd5 9. Bxf6 Qxf6 10. Qxd5 Bb4 11. Qd4 Qe7 12. Be2 Nc6 13. Qh4 Bxc3+ 14. bxc3 Qa3 15. O-O Qxc3 16. Rac1 Qa3 17. g4 Qe7 18. Qh5 Be6 19. Ng5 h6 20. Nh3 Rfd8 21. Bf3 Bxa2 22. Bxc6 bxc6 23. Nf4 Bd5 24. Qf5 a5 25. Rfd1 Qe4 26. Qxe4 Bxe4 27. Rxd8+ Rxd8 28. Ne2 c5 29. Nc3 Bf3 30. h3 c4 31. Kh2 Rd2 32. Kg3 Bc6 33. Nb1 Rb2 1/2-1/2

[Event "NOR-ch Various 2019"]
[Site "Larvik"]
[Date "2019.07.11"]
[Round "7.17"]
[White "Kjaras, Alf Marius"]
[Black "Heier, Odin Nikolai"]
[Result "1-0"]
[ECO "D00"]
[WhiteElo "1860"]
[BlackElo "1863"]
[Annotator "NA"]
[PlyCount "119"]
[EventDate "2019.07.06"]
[EventType "swiss"]
[EventCountry "NOR"]
[SourceTitle "playchess.com"]
[Source "ChessBase"]
[SourceQuality "1"]
[TimeControl "40/5400+30:1800+30"]

1. d4 d5 2. Bf4 Nf6 3. e3 c5 4. Nc3 a6 5. Nf3 Nc6 6. a3 cxd4 7. Nxd4 Bg4 8. f3 Bh5 9. h4 Bg6 10. g4 h6 11. Bd3 Bxd3 12. Qxd3 e6 13. O-O-O Nxd4 14. exd4 g6 15. Be5 Rg8 16. Rde1 Be7 17. Qe3 h5 18. g5 Nh7 19. Kb1 Qd7 20. Bg3 Rc8 21. Rh2 Qc6 22. Na2 a5 23. Rhe2 Nf8 24. Qb3 Nd7 25. Nc3 Nb6 26. Nb5 a4 27. Qd3 Qc4 28. Qxc4 dxc4 29. Nc3 Kf8 30. d5 Kg7 31. dxe6 fxe6 32. Rxe6 Bc5 33. Be5+ Kh7 34. Ne4 Nd5 35. Nxc5 Rxc5 36. Bd4 Rc7 37. Rd6 Nf4 38. Rd1 Rf7 39. Bf6 Rgf8 40. Rd7 Kg8 41. Rxf7 Kxf7 42. Rd4 Ng2 43. Rxc4 b5 44. Rc7+ Ke6 45. Re7+ Kd6 46. Re2 Nf4 47. Re4 Nd5 48. Be5+ Kd7 49. f4 Ne7 50. Rd4+ Ke6 51. Rd6+ Kf7 52. Rf6+ Ke8 53. Rxf8+ Kxf8 54. Bd6 Kf7 55. Bxe7 Kxe7 56. Kc1 Ke6 57. Kd2 Kf5 58. Ke3 Kg4 59. Ke4 Kxh4 60. Kf3 1-0

[Event "NOR-ch Various 2019"]
[Site "Larvik"]
[Date "2019.07.11"]
[Round "7.18"]
[White "Nielsen, Andre"]
[Black "Bruaset, Eivind"]
[Result "0-1"]
[ECO "B97"]
[WhiteElo "2229"]
[BlackElo "2074"]
[Annotator "NA"]
[PlyCount "94"]
[EventDate "2019.07.06"]
[EventType "swiss"]
[EventCountry "NOR"]
[SourceTitle "playchess.com"]
[Source "ChessBase"]
[SourceQuality "1"]
[TimeControl "40/5400+30:1800+30"]

1. e4 c5 2. Nf3 d6 3. d4 cxd4 4. Nxd4 Nf6 5. Nc3 a6 6. Bg5 e6 7. f4 Qb6 8. a3 Be7 9. e5 Ng8 10. Bxe7 Nxe7 11. Qd2 Ng6 12. O-O-O dxe5 13. fxe5 Nd7 14. Nf3 O-O 15. Qg5 Qc7 16. Qg3 Ndxe5 17. Ne4 f6 18. h4 f5 19. Nd6 Rd8 20. h5 Rxd6 21. hxg6 Rxd1+ 22. Kxd1 Qd8+ 23. Kc1 Nxg6 24. Ng5 Nf8 25. Bc4 Qf6 26. Rd1 b5 27. Bb3 h6 28. Nf3 Bb7 29. Nd4 Rd8 30. Nxe6 Rxd1+ 31. Kxd1 Nxe6 32. Qb8+ Kh7 33. Bxe6 Bf3+ 34. gxf3 Qxe6 35. Qf4 g5 36. Qc7+ Kg6 37. b3 h5 38. Qd8 g4 39. f4 h4 40. Qg5+ Kf7 41. Qh5+ Qg6 42. Qxh4 g3 43. Qd8 Qg4+ 44. Ke1 Qxf4 45. Qd7+ Kg6 46. Qe6+ Kg5 47. Qe7+ Kg4 0-1